 Dungeon Crawl Stone Soup version 0.31.0-32-g396128a36d (webtiles) character file.

Game seed: 15886638382127376089

219 monsoonserge the Chopper (level 5, -4/36 HPs)
             Began as an Octopode Cinder Acolyte on Mar 13, 2024.
             Was a High Priest of Ignis.
             Slain by Terence
             ... wielding a +0 flail
              (10 damage)
             ... on level 3 of the Dungeon.
             The game lasted 00:05:09 (1641 turns).

monsoonserge the Chopper (Octopode Cinder Acolyte)  Turns: 1641, Time: 00:05:11

Health: -4/36      AC:  1    Str: 15    XL:     5   Next: 96%
Magic:  7/7        EV: 12    Int: 17    God:    Ignis [*****.]
Gold:   100        SH:  0    Dex:  7    Spells: 3/7 levels left

rFire   + . .        f - +1 scythe (heavy)
rCold   . . .        (shield currently unavailable)
rNeg    . . .        (helmet restricted)
rPois   .            (no amulet)
rElec   .            (no ring)
rCorr   .            (no ring)
SInv    .            (no ring)
Will    .....        (no ring)
Stlth   ++           (no ring)
HPRegen 0.26/turn    (no ring)
MPRegen 0.10/turn    (no ring)
                     (no ring)

%: no passive effects
@: no status effects
A: almost no armour, amphibious, 8 rings, camouflage 1, gelatinous body 1,
(nimble swimmer 1), tentacles
a: Renounce Religion, Fiery Armour, Foxfire Swarm, Rising Flame


You were on level 3 of the Dungeon.
You worshipped Ignis.
Ignis was extremely pleased with you.
You visited 1 branch of the dungeon, and saw 3 of its levels.

You collected 100 gold pieces.

Inventory:

Hand Weapons
 a - a -1 hand axe of flaming
 f - a +1 heavy scythe (weapon)
Scrolls
 b - 4 scrolls of identify {unknown}
 c - 2 scrolls of teleportation {unknown}
 d - 4 scrolls of amnesia {unknown}
 e - a scroll of revelation {unknown}
Potions
 g - a potion of heal wounds {unknown}
 h - 2 potions of resistance {unknown}
 i - a potion of curing {unknown}


   Skills:
 + Level 3.6 Fighting
 - Level 4.2 Axes
 + Level 0.4(2.6) Polearms
 + Level 0.6 Dodging
 + Level 1.9 Stealth
 + Level 1.8 Spellcasting
 * Level 1.7 Translocations
 + Level 3.8 Fire Magic


You had 3 spell levels left.
You knew the following spells:

 Your Spells              Type           Power      Damage    Failure   Level
a - Scorch                Fire           28%        2d6       6%          2
b - Blink                 Tloc           14%        N/A       14%         2

Your spell library contained the following spells:

 Spells                   Type           Power      Damage    Failure   Level
 Lesser Beckoning         Tloc           14%        N/A       14%         2
 Momentum Strike          Conj/Tloc      8%         3d8       22%         2
 Gell's Gravitas          Tloc           7%         N/A       28%         3
 Teleport Other           Tloc           7%         N/A       28%         3
 Dispersal                Tloc           3%         N/A       100%        6


Dungeon Overview and Level Annotations

Branches:
Dungeon (3/15)

Altars:

Annotations:
D:3 Terence


Innate Abilities, Weirdness & Mutations

You cannot wear most types of armour.
You are amphibious.
You can wear up to eight rings at the same time.
Your skin changes colour to match your surroundings (Stealth+).
Your rubbery body absorbs attacks. (AC +1, EV +1)
((You are camouflaged when in or above water. (Stealth+)))
You have tentacles for arms and can constrict up to eight enemies at once.


Message History

There is an open door here.
A rat comes into view.
The rat moves out of view.
There is an open door here.
You reach to attack!
The rat squeaks loudly.
You puncture the rat!
You kill the rat!
You open the door.
There is an open door here.
Found an escape hatch in the ceiling.
Done exploring.
Done exploring.
There is a stone staircase leading down here.
Okay, then.
You climb downwards.
Found a gold piece.
There is a stone staircase leading up here.
You now have 100 gold pieces (gained 1).
There are no items here.
Terence, a kobold and a goblin come into view.
The kobold is wielding a +2 dagger of venom.
Terence shouts!
You barely miss the goblin. Your grab misses the goblin.
The goblin hits you with a +0 club. The goblin barely misses you.
You slash the goblin!
You kill the goblin!
Terence hits you with a +0 flail!
You completely miss Terence. You grab Terence. You constrict Terence.
Terence hits you with a +0 flail. x2
You slash Terence!
Terence is heavily wounded.
You constrict Terence. Terence barely misses you.
You hit Terence but do no damage. Your squeeze misses Terence.
Terence is severely wounded.
You constrict Terence. Terence hits you with a +0 flail!
* * * LOW HITPOINT WARNING * * *
Terence hits you with a +0 flail!
You die...
Terence says, "Time to find some more victims."

## ##. #.. #.#
#.#
##############.#
#........##...@#
#.....<..+#.##@#
#........##.##)#
#........##.##.#
#............#.#
##############K#
#.# #.# #.#


You could see Terence and a kobold (asleep).

Vanquished Creatures
  Sigmund (D:2)
  An adder (D:2)
  2 dart slugs
  A ribbon worm (D:2)
  3 ball pythons
  6 endoplasms
  3 giant cockroaches (D:1)
  2 goblins
  3 hobgoblins
  2 jackals (D:2)
  2 quokkas
  3 bats
  3 frilled lizards
  3 kobolds
  4 rats
39 creatures vanquished.

Notes
Turn   | Place    | Note
-------+----------+-------------------------------------------
     0 | D:1      | monsoonserge the Octopode Cinder Acolyte began the quest
                  | for the Orb.
     0 | D:1      | Reached XP level 1. HP: 16/16 MP: 2/2
   181 | D:1      | Reached XP level 2. HP: 1/21 MP: 3/3
   269 | D:1      | Learned a level 2 spell: Scorch
   587 | D:1      | Reached XP level 3. HP: 25/26 MP: 1/4
   818 | D:2      | Learned a level 2 spell: Blink
   829 | D:2      | Found a faded altar of an unknown god.
  1197 | D:2      | Noticed Sigmund
  1211 | D:2      | Killed Sigmund
  1212 | D:2      | Reached skill level 4 in Axes
  1212 | D:2      | Reached skill level 1 in Stealth
  1212 | D:2      | Reached skill level 1 in Translocations
  1212 | D:2      | Reached XP level 4. HP: 29/32 MP: 0/6
  1212 | D:2      | Reached XP level 5. HP: 33/36 MP: 0/7
  1635 | D:3      | Noticed Terence
  1641 | D:3      | Slain by Terence

Illustrated notes

Levels and vault maps discovered:
D:1:      mainiacjoe_arrival_reflecting_pool, layout_basic, st_stairs_1,
          minmay_tetromino_l4
D:2:      layout_basic, shapermc_ecumenical_altar_notcrosses, uniq_sigmund
D:3:      layout_basic, xom_butterflies, okawaru_altar_gauntlet_db,
          minmay_tree_intersection, uniq_terence, uniq_crazy_yiuf_cottage

Skill      XL: |  1  2  3 |
---------------+----------+-----
Axes           | 4 |  4.2
Stealth        | 1 |  1.9
Translocations | 1 |  1.7
Fighting       | |  3.6
Polearms       | |  0.4
Dodging        | |  0.6
Spellcasting   | |  1.8
Fire Magic     | |  3.8

Action                     |  1- 3 |  4- 6 || total
---------------------------+-------+-------++-------
  Melee: Hand axe          |    50 |       ||    50
         Constrict         |    14 |     3 ||    17
         Tentacles         |     9 |       ||     9
         Punch             |     1 |       ||     1
         Halberd           |       |    25 ||    25
   Cast: Scorch            |    10 |       ||    10
   Stab: Sleeping          |     2 |     4 ||     6
 Armour: Skin              |    34 |    17 ||    51
  Dodge: Dodged            |    26 |    13 ||    39
